 Dungeon Crawl Stone Soup version 0.22-a0-374-g5dfd9e3 (webtiles) character file.

149 tilp the Chiller (level 5, -2/35 HPs)
             Began as a Merfolk Ice Elementalist on Apr 26, 2018.
             Slain by an orc priest
             ... wielding a +0 trident
              (8 damage)
             ... on level 3 of the Dungeon.
             The game lasted 00:10:46 (3957 turns).

tilp the Chiller (Merfolk Ice Elementalist)         Turns: 3957, Time: 00:10:46

Health: -2/35      AC:  3    Str:  8    XL:     5   Next: 31%
Magic:  3/8        EV: 13    Int: 15    God:
Gold:   161        SH:  0    Dex: 15    Spells: 2/8 levels left

rFire    . . .     SeeInvis .   l - +1 dagger (holy)
rCold    . . .     Gourm    .   (no shield)
rNeg     . . .     Faith    .   a - +0 robe
rPois    .         Spirit   .   (no helmet)
rElec    .         Reflect  .   (no cloak)
rCorr    .         Harm     .   p - +0 pair of gloves
MR       .....                  (no boots)
Stlth    ++........             (no amulet)
HPRegen  0.11/turn              (no ring)
MPRegen  0.11/turn              (no ring)

@: no status effects
A: change form in water, swift swim, stealthy swim
a: no special abilities


You were on level 3 of the Dungeon.
You were hungry.

You visited 1 branch of the dungeon, and saw 3 of its levels.

You collected 161 gold pieces.

Inventory:

Hand Weapons
 e - a +1 short sword
 l - a +1 dagger of holy wrath (weapon)
 n - a +0 dagger
 o - a +0 spear
Missiles
 b - 5 tomahawks (quivered)
 j - 212 stones
Armour
 a - a +0 robe (worn)
 m - a +0 buckler
 p - a +0 pair of gloves (worn)
Scrolls
 f - a scroll of enchant weapon
 k - a scroll of teleportation
Potions
 d - a potion of heal wounds
 g - a potion of lignification {unknown}
 h - a potion of flight
 i - a potion of berserk rage
 q - a potion of mutation {unknown}
Comestibles
 c - 6 rations
 r - 7 chunks of flesh


   Skills:
 - Level 2.6 Dodging
 - Level 2.1 Stealth
 - Level 2.0 Spellcasting
 - Level 0.7 Conjurations
 + Level 6.4 Ice Magic


You had 2 spell levels left.
You knew the following spells:

 Your Spells              Type           Power        Failure   Level  Hunger
a - Freeze                Ice            ###.         1%          1    #......
b - Throw Frost           Conj/Ice       ##....       8%          2    ###....
c - Ozocubu's Armour      Chrm/Ice       ##......     19%         3    ###....


Dungeon Overview and Level Annotations

Branches:
Dungeon (3/15)

Altars:
Gozag
Hepliaklqana
Qazlal
Uskayaw
Vehumet

Annotations:
D:3 Robin


Message History

Beogh smites you!
* * * LOW HITPOINT WARNING * * *
You hear a shout!
Casting: Freeze (safe; 1% risk of failure)
Confirm with . or Enter, or press ? or * to list all spells.
Aiming: Freeze (safe; 1% risk of failure)
Press: ? - help, Shift-Dir - straight line, f/p - orc priest
Aim: an orc priest, wielding a trident and wearing a leather armour (moderately wounded)
You freeze the orc priest.
The orc priest is heavily wounded.
The orc priest misses you.
Casting: Freeze (safe; 1% risk of failure)
Confirm with . or Enter, or press ? or * to list all spells.
Aiming: Freeze (safe; 1% risk of failure)
Press: ? - help, Shift-Dir - straight line, f/p - orc priest
Aim: an orc priest, wielding a trident and wearing a leather armour (heavily wounded)
You freeze the orc priest.
The orc priest is almost dead.
The orc priest hits you with a trident!
You die...

#.#.#.#.#.##.#
#[..#.#...#..#
#####.#####..#
..)......)...#
#####.######.#
...##.#..###)#
...'..#......#
...####.#############
..<# #.# #..@o..#
..)####.# #.###o##
........# #.# #
...###########.#
...#.....#...#.#
##.#.###.#.#.#.#
#.#.#.#.#.#.#.#
#.#.#.#.#.#.#.#
##.#...#.#.#.#.#


You could see an orc priest and an orc wizard.

Vanquished Creatures
  6 adders
  An ooze (D:2)
  2 worms
  A dart slug (D:2)
  An orc (D:3)
  3 giant cockroaches
  13 goblins
  11 hobgoblins
  14 jackals
  9 kobolds
  6 bats
  3 frilled lizards (D:2)
  7 rats
77 creatures vanquished.

Notes
Turn   | Place    | Note
-------+----------+-------------------------------------------
     0 | D:1      | tilp the Merfolk Ice Elementalist began the quest for the Orb.
     0 | D:1      | Reached XP level 1. HP: 13/13 MP: 3/3
   369 | D:1      | Reached XP level 2. HP: 9/19 MP: 1/5
   373 | D:1      | Learned a level 2 spell: Throw Frost
   458 | D:1      | Reached skill level 4 in Ice Magic
  1003 | D:1      | Reached XP level 3. HP: 23/24 MP: 4/6
  1008 | D:1      | Learned a level 3 spell: Ozocubu's Armour
  1579 | D:2      | Found a radiant altar of Vehumet.
  1732 | D:2      | Reached skill level 5 in Ice Magic
  1979 | D:2      | Reached XP level 4. HP: 5/30 MP: 1/7
  2509 | D:2      | Found an opulent altar of Gozag.
  2513 | D:2      | Found a hide-covered altar of Uskayaw.
  2513 | D:2      | Found a stormy altar of Qazlal.
  2522 | D:2      | Found a hazy altar of Hepliaklqana.
  3050 | D:3      | Reached skill level 6 in Ice Magic
  3052 | D:3      | Reached XP level 5. HP: 33/35 MP: 1/8
  3477 | D:3      | Noticed Robin
  3957 | D:3      | Slain by an orc priest

Vault maps used:
D:1:      minmay_arrival_jagged, grunt_decor_fettered, serial_park_tiny_1
D:2:      vehumet_crystals, grunt_temple_overflow_open, minmay_heptomino_d4
D:3:      nicolae_overflow_hidden_temple, first_ration, uniq_robin, uniq_grinder

Skill      XL: |  1  2  3  4 |
---------------+-------------+-----
Ice Magic      | 4 5 6 |  6.4
Dodging        | |  2.6
Stealth        | |  2.1
Spellcasting   | |  2.0
Conjurations   | |  0.7

Action                   |  1- 3 |  4- 6 || total
-------------------------+-------+-------++-------
Melee: Hand axe          |     6 |       ||     6
       Short sword       |    27 |       ||    27
       Dagger            |    17 |    33 ||    50
Throw: Tomahawk          |     9 |     6 ||    15
 Cast: Freeze            |    55 |    59 ||   114
       Throw Frost       |     1 |       ||     1
       Ozocubu's Armour  |     2 |     3 ||     5
  Use: Scroll            |     4 |     1 ||     5
       Potion            |       |     1 ||     1
 Stab: Sleeping          |       |     2 ||     2
  Eat: Chunk             |     4 |     8 ||    12
Armor: Robe              |    20 |    11 ||    31
Dodge: Dodged            |    63 |    52 ||   115

Table legend:
 A = Spawn XP
 B = Non-spawn XP
 C = Spawn XP percentage of total XP
 D = Spawn monster count
 E = Non-spawn monster count
 F = Spawn count percentage of total count
 G = Total turns spent on level
                    A         B        C        D         E        F      G
               +---------+---------+-------+---------+---------+-------+---------
         Total |       0 |     213 |   0.0 |       0 |      77 |   0.0 |  3957
               +---------+---------+-------+---------+---------+-------+---------
           D:1 |       0 |      48 |   0.0 |       0 |      28 |   0.0 |  1754
           D:2 |       0 |      94 |   0.0 |       0 |      24 |   0.0 |  1231
           D:3 |       0 |      71 |   0.0 |       0 |      25 |   0.0 |   972
               +---------+---------+-------+---------+---------+-------+---------
